 Dungeon Crawl Stone Soup version 0.23-a0-49-gd9f7a49 (webtiles) character file.

10708 Gorice the Thaumaturge (level 11, 0/54 HPs)
             Began as a Deep Elf Fire Elementalist on Aug 7, 2018.
             Was a Believer of Vehumet.
             Slain by a wolf (2 damage)
             ... on level 2 of the Lair of Beasts.
             The game lasted 01:04:02 (15226 turns).

Gorice the Thaumaturge (DEFE)                      Turns: 15226, Time: 01:04:03

Health: 0/54       AC: 10    Str:  5    XL:     11   Next: 39%
Magic:  8/29       EV: 16    Int: 24    God:    Vehumet [**....]
Gold:   358        SH:  0    Dex: 15    Spells: 19/34 levels left

rFire    + . .     SeeInvis +   a - +3 falchion (slice)
rCold    + . .     Gourm    .   (no shield)
rNeg     . . .     Faith    .   y - +2 leather armour {rC+}
rPois    .         Spirit   .   o - +1 helmet
rElec    .         Reflect  .   (no cloak)
rCorr    .         Harm     .   (no gloves)
MR       +....                  N - +2 pair of boots
Stlth    ++........             H - amulet of rage
HPRegen  0.18/turn              f - ring of protection from fire
MPRegen  0.21/turn              i - ring of see invisible

@: lethally poisoned (0 -> -17)
A: no striking features
a: Renounce Religion, Evoke Berserk Rage


You were on level 2 of the Lair of Beasts.
You worshipped Vehumet.
Vehumet was pleased with you.
You were not hungry.

You visited 3 branches of the dungeon, and saw 12 of its levels.
You also visited: Sewer.

You collected 461 gold pieces.
You spent 103 gold pieces at shops.

Inventory:

Hand Weapons
 a - a +3 falchion of slicing (weapon)
   (You took it off Eustachio on level 6 of the Dungeon)
 b - a +2 dagger of venom
   (You took it off an orc wizard on level 8 of the Dungeon)
Missiles
 u - 25 tomahawks (quivered)
 Q - 4 silver javelins
 Y - 454 stones
 Z - 2 throwing nets
Armour
 o - a +1 helmet (worn)
 y - a +2 leather armour of cold resistance (worn)
   (You took it off an orc on level 5 of the Dungeon)
 N - a +2 pair of boots (worn)
Magical Staves
 w - an uncursed staff of wizardry
Jewellery
 c - an uncursed ring of protection from cold
 f - a ring of protection from fire (left hand)
 i - a ring of see invisible (right hand)
 H - an amulet of rage (around neck)
Wands
 k - a wand of flame (8)
 s - a wand of polymorph (29)
 t - a wand of acid (2)
 x - a wand of paralysis (20)
 F - a wand of random effects (27)
Scrolls
 e - a scroll of amnesia
 m - 4 scrolls of teleportation {!r}
 v - 2 scrolls of blinking
 D - 2 scrolls of fear {!r}
 G - 6 scrolls of identify
 I - 2 scrolls of magic mapping {!r}
 L - 2 scrolls of remove curse
Potions
 d - 2 potions of berserk rage
 h - 8 potions of heal wounds {!q}
 l - 6 potions of might {!q}
 n - 7 potions of curing
 p - 5 potions of brilliance {!q}
 q - 2 potions of agility {!q}
 A - 3 potions of flight
 J - a potion of haste {!q}
 K - 4 potions of lignification {!q}
Comestibles
 O - 16 rations


   Skills:
 + Level 8.6 Dodging
 - Level 2.4 Stealth
 + Level 12.1 Spellcasting
 - Level 11.0 Conjurations
 - Level 11.1 Fire Magic


You had 19 spell levels left.
You knew the following spells:

 Your Spells              Type           Power        Failure   Level  Hunger
a - Flame Tongue          Conj/Fire      #####        1%          1    None
b - Throw Flame           Conj/Fire      ######       1%          2    None
c - Conjure Flame         Conj/Fire      ######..     1%          3    None
d - Sticky Flame          Conj/Fire      ######..     1%          4    None
e - Fireball              Conj/Fire      ######....   1%          5    ###....

Your spell library contained the following spells:

 Spells                   Type           Power        Failure   Level  Hunger
 Summon Small Mammal      Summ           ##..         7%          1    None
 Summon Ice Beast         Ice/Summ       ##......     56%         4    None
 Call Imp                 Summ           ##......     11%         2    None
 Call Canine Familiar     Summ           ##......     22%         3    None
 Inner Flame              Hex/Fire       #####...     2%          3    None
 Summon Lightning Spire   Summ/Air       ##......     56%         4    None
 Summon Guardian Golem    Hex/Summ       ##......     22%         3    None


Dungeon Overview and Level Annotations

Branches:
Dungeon (9/15)             Temple (1/1) D:7            Lair (2/6) D:9
  Swamp: Lair:2-4    Shoals: Lair:2-4     Snake: Lair:2-4    Spider: Lair:2-4
    Orc: D:9-12

Altars:
Ashenzari
Cheibriados
Dithmenos
Elyvilon
Fedhas
Gozag
Hepliaklqana
Kikubaaqudgha
Makhleb
Nemelex Xobeh
Okawaru
Qazlal
Ru
Sif Muna
Trog
Uskayaw
Vehumet
Wu Jian
Xom
Yredelemnul
Zin
The Shining One

Shops:
D:4 [   D:5 (   D:7 ((

Annotations:
D:2 Sigmund


Message History

Casting: Flame Tongue (safe; 1% risk of failure)
Confirm with . or Enter, or press ? or * to list all spells.
Aiming: Flame Tongue (safe; 1% risk of failure)
Press: ? - help, Shift-Dir - straight line, f - wolf
Aim: a wolf (severely wounded)
The flame tongue hits the wolf.
The wolf is almost dead.
The wolf bites you but does no damage.
Casting: Flame Tongue (safe; 1% risk of failure)
Confirm with . or Enter, or press ? or * to list all spells.
Aiming: Sticky Flame (safe; 1% risk of failure)
Press: ? - help, Shift-Dir - straight line, f - black mamba, p - wolf
Aim: a black mamba The sticky flame hits the black mamba.
The black mamba is lightly wounded.
The black mamba is covered in liquid flames!
The black mamba burns!
The wolf bites you.
* * * LOW HITPOINT WARNING * * *
The black mamba barely misses you. The wolf misses you.
Damage: 5 (max 5) Unknown command.
Unknown command.
Casting: Sticky Flame (safe; 1% risk of failure)
Confirm with . or Enter, or press ? or * to list all spells.
Aiming: Fireball (safe; 1% risk of failure)
Press: ? - help, Shift-Dir - straight line, p - black mamba The fireball explodes!
The fireball engulfs the black mamba.
The black mamba is severely wounded.
The black mamba burns!
The black mamba bites you.
* * * LOW HITPOINT WARNING * * *
You are lethally poisoned!
The black mamba poisons you! The wolf bites you.
* * * LOW HITPOINT WARNING * * *
The black mamba misses you. The wolf barely misses you.
You riposte.
You closely miss the wolf.
The wolf is almost dead.
Damage: 7 (max 7) Unknown command.
Unknown command.
Casting: Fireball (safe; 1% risk of failure)
Confirm with . or Enter, or press ? or * to list all spells.
Aiming: Flame Tongue (safe; 1% risk of failure)
Press: ? - help, Shift-Dir - straight line, f - black mamba
Aim: a black mamba (severely wounded, covered in liquid flames)
The flame tongue misses the black mamba.
* * * LOW HITPOINT WARNING * * *
You feel sick.
The black mamba burns!
The black mamba bites you!
* * * LOW HITPOINT WARNING * * *
The wolf bites you.
You die...

......# ....... .......
....... ### .......
#######P.## .#.....
##.........#
.......##..........#
............S@.....#
............h......#
...................#
...................#
...................#
....P..............#
....P.............###
.....................#
......................#


You could see a black mamba (burning) and a wolf.

Vanquished Creatures
  Erolcha (D:9)
  3 two-headed ogres
  Urug (Lair:1)
  A spiny frog (Lair:1)
  A komodo dragon (Lair:1)
  2 hippogriffs
  Eustachio (D:6)
  A basilisk (Lair:2)
  3 yaks (Lair:1)
  3 hungry ghosts
  2 water moccasins (Lair:1)
  2 porcupines
  A sky beast (D:6)
  An ice beast (D:6)
  2 orc warriors
  2 black bears
  4 wolves (Lair:2)
  3 ogres
  2 phantoms
  8 centaurs
  A crocodile (Lair:1)
  A big kobold (Sewer)
  4 gnoll sergeants
  Blork the orc (D:6)
  9 bullfrogs
  3 scorpions
  5 wights (D:9)
  4 electric eels (D:7)
  2 howler monkeys
  A bullfrog zombie (D:5)
  6 crimson imps
  6 hounds
  2 jellies (D:6)
  A quasit (D:9)
  9 orc wizards
  2 orc priests
  A bullfrog skeleton (D:7)
  2 gnoll shamans (D:7)
  6 worker ants
  A howler monkey zombie (D:8)
  Robin (D:4)
  18 gnolls
  14 adders
  7 river rats
  2 shadow imps (D:5)
  2 oozes
  An adder skeleton (D:6)
  4 worms
  3 dart slugs
  5 leopard geckos
  27 orcs
  3 ball pythons (Sewer)
  9 bats
  6 giant cockroaches
  16 goblins
  2 hobgoblins
  9 jackals
  2 quokkas
  2 frilled lizards
  A giant cockroach zombie (D:5)
  2 jackal zombies (D:6)
  23 kobolds
  A leopard gecko skeleton (D:7)
  A leopard gecko zombie (D:6)
  23 rats
  A fungus (Lair:1)
296 creatures vanquished.

Vanquished Creatures (others)
  A plant (D:7)
  4 toadstools (D:1)
5 creatures vanquished.

Grand Total: 301 creatures vanquished

Notes
Turn   | Place    | Note
-------+----------+-------------------------------------------
     0 | D:1      | Gorice the Deep Elf Fire Elementalist began the quest for the Orb.
     0 | D:1      | Reached XP level 1. HP: 10/10 MP: 6/6
   147 | D:1      | Reached skill level 2 in Conjurations
   147 | D:1      | Reached XP level 2. HP: 15/15 MP: 5/8
   614 | D:1      | Reached skill level 3 in Conjurations
  1139 | D:1      | Learned a level 2 spell: Throw Flame
  1147 | D:2      | Reached XP level 3. HP: 14/19 MP: 1/9
  1396 | D:2      | Noticed Sigmund
  2054 | D:2      | Found a faded altar of an unknown god.
  2141 | D:2      | Learned a level 3 spell: Conjure Flame
  2143 | D:3      | Reached XP level 4. HP: 24/24 MP: 7/10
  2286 | D:3      | Reached skill level 4 in Fire Magic
  2321 | D:3      | Found a glowing drain.
  2337 | Sewer    | Entered a sewer
  2379 | Sewer    | Reached skill level 4 in Conjurations
  2564 | Sewer    | Noticed a big kobold
  2575 | Sewer    | Killed a big kobold
  2575 | Sewer    | Reached XP level 5. HP: 22/28 MP: 0/11
  2723 | Sewer    | Reached skill level 5 in Fire Magic
  2828 | Sewer    | Reached skill level 5 in Conjurations
  2973 | Sewer    | HP: 8/28 [poisoned by a kobold]
  2978 | Sewer    | HP: 7/28 [poisoned by a kobold]
  2985 | Sewer    | HP: 5/28 [poisoned by a kobold]
  2993 | Sewer    | HP: 4/28 [poisoned by a kobold]
  3280 | Sewer    | Reached XP level 6. HP: 32/32 MP: 6/12
  3668 | D:3      | Learned a level 4 spell: Sticky Flame
  4170 | D:4      | Noticed Robin
  4265 | D:4      | Killed Robin
  4604 | D:4      | Found Cudd's Antique Armour Shoppe.
  4638 | D:4      | Bought an embroidered robe for 103 gold pieces
  4855 | D:4      | Reached skill level 6 in Conjurations
  4855 | D:4      | Reached skill level 6 in Fire Magic
  5226 | D:4      | You fall through a shaft for 2 floors!
  5237 | D:6      | Reached XP level 7. HP: 19/36 MP: 8/13
  5239 | D:6      | HP: 10/36 [adder (3)]
  5246 | D:6      | HP: 9/36 [leopard gecko zombie (2)]
  5259 | D:6      | HP: 6/36 [phantom (5)]
  5376 | D:6      | Noticed a hippogriff
  5381 | D:6      | Killed a hippogriff
  5381 | D:6      | Reached skill level 7 in Fire Magic
  5476 | D:5      | Entered Level 5 of the Dungeon
  5486 | D:5      | Reached skill level 7 in Conjurations
  5775 | D:5      | Found Namiryq's Antique Weapon Shop.
  5813 | D:4      | Reached XP level 8. HP: 21/41 MP: 9/14
  6571 | D:5      | Reached skill level 8 in Conjurations
  6571 | D:5      | Reached skill level 8 in Fire Magic
  7173 | D:5      | Found a snail-covered altar of Cheibriados.
  7179 | D:5      | Found a sacrificial altar of Ru.
  7180 | D:5      | Found a hide-covered altar of Uskayaw.
  7430 | D:6      | Noticed Blork the orc
  7567 | D:6      | Killed Blork the orc
  7767 | D:6      | Reached skill level 9 in Conjurations
  7767 | D:6      | Reached skill level 9 in Fire Magic
  7959 | D:6      | HP: 10/41 [centaur/arrow (12)]
  7961 | D:6      | HP: 4/41 [centaur (6)]
  8304 | D:6      | Noticed Eustachio
  8306 | D:6      | Reached XP level 9. HP: 27/45 MP: 5/16
  8518 | D:6      | Reached skill level 4 in Spellcasting
  8720 | D:6      | Killed Eustachio
  8854 | D:6      | Learned a level 5 spell: Fireball
  9219 | D:7      | Reached skill level 5 in Spellcasting
  9231 | D:7      | Found a transporter.
  9252 | D:7      | Found a transporter.
  9269 | D:7      | Found a staircase to the Ecumenical Temple.
  9342 | Temple   | Entered the Ecumenical Temple
  9489 | Temple   | Became a worshipper of Vehumet
  9812 | D:7      | Found Uwolaci's Weapon Emporium.
  9831 | D:7      | Found a deep blue altar of Sif Muna.
  9831 | D:7      | Found a blossoming altar of Fedhas.
  9863 | D:7      | Reached skill level 10 in Fire Magic
  9950 | D:7      | Found Rurut's Antique Weapon Shoppe.
 10080 | D:7      | Found a glowing golden altar of the Shining One.
 10354 | D:7      | Reached skill level 10 in Conjurations
 10443 | D:7      | Reached skill level 6 in Spellcasting
 10852 | D:7      | HP: 12/45 [electric eel/bolt of electricity (14)]
 11333 | D:8      | Noticed a two-headed ogre
 11350 | D:8      | Killed a two-headed ogre
 11350 | D:8      | Reached skill level 7 in Spellcasting
 11350 | D:8      | Noticed a two-headed ogre
 11363 | D:8      | Killed a two-headed ogre
 11363 | D:8      | Reached XP level 10. HP: 50/50 MP: 1/23
 11734 | D:8      | Reached * piety under Vehumet
 11734 | D:8      | Offered knowledge of Sting by Vehumet.
 11907 | D:8      | Reached skill level 8 in Spellcasting
 11969 | D:8      | Reached skill level 11 in Fire Magic
 12352 | D:8      | Reached skill level 11 in Conjurations
 12470 | D:9      | Gorice: !?
 12470 | D:9      | Gorice: ?
 12470 | D:9      | Gorice: !beem help
 12470 | D:9      | beem: I'm a bot that sends commands to the DCSS IRC knowledge bots. For details, see https://github.com/gammafunk/beem/blob/master/docs/commands.md and to have me watch your games on this server, type: !subscribe
 12470 | D:9      | Gorice: !beem @?? gnoll
 12470 | D:9      | beem: I'm a bot that sends commands to the DCSS IRC knowledge bots. For details, see https://github.com/gammafunk/beem/blob/master/docs/commands.md and to have me watch your games on this server, type: !subscribe
 12470 | D:9      | Gorice: @??gnoll
 12470 | D:9      | beem: gnoll (g)
                  | Spd:
    10 | HD: 2    | HP: 10-15
                  | AC/EV: 2/9
                  | Dam: 9
                  | weapons, items, doors
                  | Res: magic(10)
                  | XP:
    14 | Sz: Medium | Int: human.
 12470 | D:9      | Gorice: @??orc
 12470 | D:9      | beem: orc (o)
                  | Spd:
    10 | HD: 1    | HP: 5-8
                  | AC/EV: 1/9
                  | Dam: 5
                  | weapons, items, doors
                  | XP:
     3 | Sz: Medium | Int: human.
 12652 | D:9      | Found a staircase to the Lair.
 12804 | D:9      | Noticed Erolcha
 12809 | D:9      | Killed Erolcha
 12809 | D:9      | Reached skill level 4 in Dodging
 12809 | D:9      | Reached skill level 9 in Spellcasting
 12929 | D:9      | Reached skill level 5 in Dodging
 12989 | D:9      | Noticed a two-headed ogre
 12995 | D:9      | Gorice: @??two-headed ogre
 12995 | D:9      | beem: two-headed ogre (O)
                  | Spd:
    10 | HD: 10   | HP: 44-63
                  | AC/EV: 3/6
                  | Dam: 20, 15
                  | items, doors, two-weapon
                  | Res: magic(40)
                  | XP:
   897 | Sz: Large | Int: human.
 12996 | D:9      | Killed a two-headed ogre
 12996 | D:9      | Reached ** piety under Vehumet
 12996 | D:9      | Offered knowledge of Magic Dart by Vehumet.
 12996 | D:9      | Reached skill level 10 in Spellcasting
 13357 | D:9      | Reached skill level 6 in Dodging
 13727 | D:9      | Reached XP level 11. HP: 54/54 MP: 19/27
 13840 | Lair:1   | Entered Level 1 of the Lair of Beasts
 13844 | D:9      | Identified a scroll of acquirement
 13884 | Lair:1   | Noticed Urug
 13898 | Lair:1   | Killed Urug
 13898 | Lair:1   | Reached skill level 7 in Dodging
 13898 | Lair:1   | Reached skill level 11 in Spellcasting
 14705 | Lair:1   | Reached skill level 8 in Dodging
 14906 | Lair:1   | Found a snail-covered altar of Cheibriados.
 15145 | Lair:2   | Reached skill level 12 in Spellcasting
 15225 | Lair:2   | HP: 16/54 [wolf (3)]
 15226 | Lair:2   | HP: 2/54 [black mamba (12)]
 15226 | Lair:2   | Slain by a wolf

Vault maps used:
D:1:      ldierk_walled_garden_2, minmay_tromino_mix6
D:2:      chequers_ecumenical_altar_lobes, uniq_sigmund
D:3:      first_ration, portal_sewer_entry_a
D:4:      serial_shops, shop, uniq_robin
D:5:      minitemple, serial_shops, shop_statue, kennysheep_small_square
D:6:      kennysheep_six_static_rooms, uniq_eustachio, uniq_blork_the_orc
D:7:      gammafunk_steamed_eel, kennysheep_little_box,
          gammafunk_temple_overflow_elements, temple_pool_b, serial_gnoll_camp,
          gnoll_camp_mini_sergeant, gnoll_camp_mini_doghouse,
          gnoll_camp_mini_hut, gnoll_camp_medium_01, serial_shops, shop,
          nicolae_shop_crystal
D:9:      lair_entry_dummy, uniq_erolcha
Temple:   nicolae_temple_elliptical
Lair:1:   lemuel_centaur_altar, uniq_urug
Sewer:    sewer_minmay_treatment

Skill      XL: |  1  2  3  4  5  6  7  8  9 10 11 |
---------------+----------------------------------+-----
Conjurations   | 2 3 4 5 6 7 9 10 11 | 11.0
Fire Magic     | 4 5 6 7 9 10 11 | 11.1
Spellcasting   | 7 10 12 | 12.1
Dodging        | 6 8 |  8.6
Stealth        | |  2.4

Action                   |  1- 3 |  4- 6 |  7- 9 | 10-12 || total
-------------------------+-------+-------+-------+-------++-------
Melee: Short sword       |       |       |    65 |       ||    65
       Falchion          |       |       |    25 |    66 ||    91
 Cast: Flame Tongue      |    49 |   111 |    77 |    87 ||   324
       Throw Flame       |    11 |    30 |    86 |    67 ||   194
       Conjure Flame     |       |     2 |    17 |    15 ||    34
       Sticky Flame      |       |     1 |    18 |    12 ||    31
       Fireball          |       |       |       |    16 ||    16
Evoke: Wand              |       |       |    15 |     1 ||    16
  Use: Scroll            |     4 |    10 |     6 |     5 ||    25
       Potion            |       |       |     2 |       ||     2
 Stab: Paralysed         |       |       |     6 |       ||     6
       Sleeping          |       |       |     2 |     1 ||     3
  Eat: Chunk             |     4 |    10 |    22 |    13 ||    49
       Ration            |       |       |     1 |       ||     1
Armor: Robe              |     2 |    16 |    49 |     3 ||    70
       Leather armour    |       |       |       |    22 ||    22
Dodge: Dodged            |     8 |    36 |   109 |    83 ||   236
       Rpst.: Falchion   |       |       |     8 |    15 ||    23

Table legend:
 A = Spawn XP
 B = Non-spawn XP
 C = Spawn XP percentage of total XP
 D = Spawn monster count
 E = Non-spawn monster count
 F = Spawn count percentage of total count
 G = Total turns spent on level
                    A         B        C        D         E        F      G
               +---------+---------+-------+---------+---------+-------+---------
         Total |       0 |   15298 |   0.0 |       0 |     295 |   0.0 | 15226
               +---------+---------+-------+---------+---------+-------+---------
           D:1 |       0 |      34 |   0.0 |       0 |      17 |   0.0 |  1136
           D:2 |       0 |      62 |   0.0 |       0 |      19 |   0.0 |  1066
           D:3 |       0 |     106 |   0.0 |       0 |      22 |   0.0 |   717
           D:4 |       0 |     346 |   0.0 |       0 |      21 |   0.0 |  1243
           D:5 |       0 |     663 |   0.0 |       0 |      24 |   0.0 |  1915
           D:6 |       0 |    1661 |   0.0 |       0 |      34 |   0.0 |  1548
           D:7 |       0 |    1273 |   0.0 |       0 |      32 |   0.0 |  2281
           D:8 |       0 |    2645 |   0.0 |       0 |      24 |   0.0 |  1051
           D:9 |       0 |    3963 |   0.0 |       0 |      33 |   0.0 |  1576
        Lair:1 |       0 |    3470 |   0.0 |       0 |      15 |   0.0 |  1060
        Lair:2 |       0 |     795 |   0.0 |       0 |       6 |   0.0 |   167
         Sewer |       0 |     280 |   0.0 |       0 |      48 |   0.0 |  1284
               +---------+---------+-------+---------+---------+-------+---------

Table legend:
 A = Turns spent in this place as a percentage of turns spent in the entire game.
 B = Non-inter-level travel turns spent in this place as a percentage of non-inter-level travel turns spent in the entire game.
 C = Inter-level travel turns spent in this place as a percentage of turns spent in this place.
 D = Turns resting spent in this place as a percentage of non-inter-level travel turns spent in this place.
 E = Turns spent auto-exploring this place as a percentage of non-inter-level travel turns spent in this place.
 F = Non-inter-level travel turns spent in this place divided by the number of levels of this place that you've seen.
                   A       B       C       D       E      F
               +-------+-------+-------+-------+-------+----------------------
         Total | 100.0 | 100.0 |   3.8 |  36.6 |  37.5 | 1127.2
       Dungeon |  82.3 |  82.3 |   3.7 |  36.7 |  38.4 | 1340.8
        Temple |   1.2 |   0.9 |  30.8 |   0.0 |  96.8 | 126.0
          Lair |   8.1 |   8.0 |   4.1 |  26.8 |  49.1 | 588.5
         Sewer |   8.4 |   8.8 |   0.0 |  48.8 |  12.8 | 1284.0
               +-------+-------+-------+-------+-------+----------------------

Vault maps used:
D:1:      ldierk_walled_garden_2, minmay_tromino_mix6
D:2:      chequers_ecumenical_altar_lobes, uniq_sigmund
D:3:      first_ration, portal_sewer_entry_a
D:4:      serial_shops, shop, uniq_robin
D:5:      minitemple, serial_shops, shop_statue, kennysheep_small_square
D:6:      kennysheep_six_static_rooms, uniq_eustachio, uniq_blork_the_orc
D:7:      gammafunk_steamed_eel, kennysheep_little_box,
          gammafunk_temple_overflow_elements, temple_pool_b, serial_gnoll_camp,
          gnoll_camp_mini_sergeant, gnoll_camp_mini_doghouse,
          gnoll_camp_mini_hut, gnoll_camp_medium_01, serial_shops, shop,
          nicolae_shop_crystal
D:9:      lair_entry_dummy, uniq_erolcha
Temple:   nicolae_temple_elliptical
Lair:1:   lemuel_centaur_altar, uniq_urug
Sewer:    sewer_minmay_treatment
